AoeStats
← 入秋

Enclosed

504084051Analyzed
1v1 RM · 28d ago on Sep 3, 2026· 21m 5s· 2 players
Game mode
Random Map
Map size
Tiny (2 player)
Population
200
Speed
Normal
Resources
Standard
Victory
Conquest
Starting age
Dark Age
Ending age
Imperial Age
RankedLock teamsTeams togetherTeam positionsShared explorationLock speedFull tech treeHidden civsTurbo modeCheats
Victory
Defeat
🇨🇿 Vietnamese · Czechia
1124
+16
🇨🇳 Cumans · China
1127
-16
Vévoda z Courova
6:18 Loom
9:01 Feudal Age
9:06 Man-at-Arms
12:14 Wheelbarrow
12:12 Horse Collar
15:09 Double-Bit Axe
20:47 Castle Age
19:15 Fletching
入秋
5:10 Loom
9:09 Feudal Age
11:17 Wheelbarrow
16:10 Double-Bit Axe
Connection lost

Rejoining the realm…

Still unreachable

The connection could not be restored.

Session expired

The server has moved on; the page needs a fresh start.